 Dungeon Crawl Stone Soup version 0.27.1-16-g815e20cd7a (webtiles) character file.

Game seed: 6672826366898492508

333 pkoi the Grave Robber (level 6, -2/45 HPs)
             Began as a Draconian Necromancer on Nov 23, 2021.
             Was an Initiate of Sif Muna.
             Succumbed to Blork the orc's poison
             ... on level 3 of the Dungeon.
             The game lasted 00:06:58 (6456 turns).

pkoi the Grave Robber (Draconian Necromancer)       Turns: 6456, Time: 00:06:58

Health: -2/45      AC:  7    Str: 10    XL:     6   Next: 27%
Magic:  0/9        EV: 12    Int: 18    God:    Sif Muna [......]
Gold:   141        SH:  5    Dex: 11    Spells: 5/9 levels left

rFire    . . .     SeeInvis .   n - +0 short sword (venom)
rCold    . . .     Faith    .   (no shield)
rNeg     + . .     Spirit   .   (armour unavailable)
rPois    .         Reflect  +   (helmet restricted)
rElec    .         Harm     .   k - +0 cloak
rCorr    .         Rampage  .   (no gloves)
Will     .....                  (no boots)
Stlth    ++........             f - amulet of reflection
HPRegen  0.15/turn              e - ring of wizardry
MPRegen  0.11/turn              o - ring of positive energy

@: lethally poisoned (-2 -> -12)
A: AC +6, unfitting armour, cold-blooded
a: Renounce Religion


You were on level 3 of the Dungeon.
You worshipped Sif Muna.
Sif Muna was noncommittal.
You visited 1 branch of the dungeon, and saw 4 of its levels.

You collected 141 gold pieces.

Inventory:

Hand Weapons
 b - a +0 dagger
 j - a +4 dagger of freezing
 n - a +0 short sword of venom (weapon)
Armour
 k - a +0 cloak (worn)
Jewellery
 e - a ring of wizardry (left hand)
 f - an amulet of reflection (around neck)
 o - a ring of positive energy (right hand)
Scrolls
 a - 2 scrolls of teleportation {unknown}
 c - a scroll of enchant weapon {unknown}
 g - a scroll of amnesia {unknown}
 l - a scroll of holy word {unknown}
 p - a scroll of identify {unknown}
Potions
 d - a potion of flight {unknown}
 i - a potion of berserk rage {unknown}
 m - a potion of attraction {unknown}


   Skills:
 - Level 1.7 Dodging
 - Level 1.7 Stealth
 + Level 3.4 Unarmed Combat
 + Level 2.1 Spellcasting
 + Level 5.9 Necromancy
 + Level 2.1 Translocations
 + Level 0.6 Invocations


You had 5 spell levels left.
You knew the following spells:

 Your Spells              Type           Power      Damage    Failure   Level
a - Pain                  Necr           92%        1d8       1%          1
b - Gell's Gravitas       Tloc           4%         N/A       9%          3

Your spell library contained the following spells:

 Spells                   Type           Power      Damage    Failure   Level
 Animate Skeleton         Necr           46%        N/A       1%          1
 Vampiric Draining        Necr           11%        2d7       1%          3
 Animate Dead             Necr           11%        N/A       6%          4
 Lesser Beckoning         Tloc           4%         N/A       9%          3
 Teleport Other           Tloc           9%         N/A       9%          3
 Agony                    Necr           23%        N/A       16%         5


Dungeon Overview and Level Annotations

Branches:
Dungeon (4/15)
 Temple: D:4-7

Altars:
Gozag
Sif Muna
Yredelemnul
The Shining One

Annotations:
D:2 1 runed translucent door, Crazy Yiuf
D:3 Blork the orc


Innate Abilities, Weirdness & Mutations

Your plain brown scales are hard. (AC +6)
You cannot fit into any form of body armour.
You are cold-blooded and may be slowed by cold attacks.


Message History

You are lethally poisoned!
* * * LOW HITPOINT WARNING * * *
You feel very sick.
There is a stone staircase leading up here.
Casting: Gell's Gravitas (dangerous; 9% risk of failure)
Confirm with . or Enter, or press ? or * to list all spells.
Aiming: Gell's Gravitas (dangerous; 9% risk of failure)
Press: ? - help, Dir - move target Gravity reorients around empty space.
* * * LOW HITPOINT WARNING * * *
You feel very sick.
Casting: Gell's Gravitas (dangerous; 9% risk of failure)
Confirm with . or Enter, or press ? or * to list all spells.
Aiming: Gell's Gravitas (dangerous; 9% risk of failure)
Press: ? - help, Dir - move target Gravity reorients around empty space.
* * * LOW HITPOINT WARNING * * *
You feel very sick.
Blork the orc hits you with a +4 hand axe of venom.
* * * LOW HITPOINT WARNING * * *
It was a potion of curing.
You feel better.
Blork the orc hits you with a +4 hand axe of venom.
* * * LOW HITPOINT WARNING * * *
You are lethally poisoned!
Casting: Gell's Gravitas (dangerous; 9% risk of failure)
Confirm with . or Enter, or press ? or * to list all spells.
Aiming: Gell's Gravitas (dangerous; 9% risk of failure)
Press: ? - help, Dir - move target Gravity reorients around empty space.
* * * LOW HITPOINT WARNING * * *
You feel sick.
Blork the orc hits you with a +4 hand axe of venom.
* * * LOW HITPOINT WARNING * * *
You feel better. Blork the orc closely misses you.
Blork the orc closely misses you.
Blork the orc hits you with a +4 hand axe of venom.
* * * LOW HITPOINT WARNING * * *
You are lethally poisoned!
You climb upwards.
You die...

##### ######...#
.....#.#.#
####.#.#.#########
.......).......o@#
####.#+####..###)#
#....# #..# #.#
####....# #..# #.#
........# #..# #.#
........# #..# #.#
....<[..# #..###.#
........# #......#
......### #.######


You could see Blork the orc (fast).

Vanquished Creatures
  An ogre (D:3)
  2 hounds
  Robin (D:3)
  3 gnolls
  6 adders
  4 worms
  A dart slug (D:2)
  A bat (D:3)
  6 endoplasms
  A giant cockroach (D:3)
  14 goblins
  10 hobgoblins
  5 jackals (D:2)
  8 ball pythons
  3 frilled lizards
  7 kobolds
  10 rats
83 creatures vanquished.

Notes
Turn   | Place    | Note
-------+----------+-------------------------------------------
     0 | D:1      | pkoi the Draconian Necromancer began the quest for the Orb.
     0 | D:1      | Reached XP level 1. HP: 14/14 MP: 3/3
   899 | D:1      | Reached XP level 2. HP: 17/20 MP: 0/5
  2072 | D:1      | Found a faded altar of an unknown god.
  2337 | D:2      | Reached skill level 1 in Unarmed Combat
  2397 | D:2      | Reached XP level 3. HP: 21/26 MP: 1/6
  3246 | D:2      | Reached skill level 5 in Necromancy
  3852 | D:2      | Found a runed translucent door.
  3853 | D:2      | Noticed Crazy Yiuf
  4171 | D:3      | Found a basalt altar of Yredelemnul.
  4195 | D:3      | Reached XP level 4. HP: 33/33 MP: 7/7
  4357 | D:3      | Learned a level 3 spell: Gell's Gravitas
  4534 | D:3      | Noticed an ogre
  5036 | D:3      | Killed an ogre
  5037 | D:3      | Reached skill level 1 in Translocations
  5037 | D:3      | Reached XP level 5. HP: 38/38 MP: 8/8
  5166 | D:3      | Noticed Robin
  5195 | D:3      | Killed Robin
  5640 | D:3      | Found a glowing golden altar of the Shining One.
  5798 | D:3      | Found a shimmering blue altar of Sif Muna.
  5841 | D:3      | Became a worshipper of Sif Muna the Loreminder
  5899 | D:3      | Found an opulent altar of Gozag.
  6077 | D:4      | Noticed Blork the orc
  6086 | D:3      | Reached XP level 6. HP: 45/45 MP: 9/9
  6453 | D:4      | HP: 1/45 [Blork the orc (4)]
  6456 | D:3      | Succumbed to Blork the orc's poison

Illustrated notes

Levels and vault maps discovered:
D:1:      scummos_arrival_star, layout_basic,
          shapermc_ecumenical_altar_mp_vishouse, minmay_misc_feat_tiny,
          kennysheep_boxes
D:2:      layout_basic, minmay_misc_feat_cross, uniq_crazy_yiuf_cottage
D:3:      minmay_recursive_quarters, layout_basic,
          mainiacjoe_overflow_cross_hatched, marbit_many_paths,
          mainiacjoe_overflow_two_lobes, lemuel_old_faithful, uniq_robin
D:4:      layout_rooms, serial_shops, kennysheep_mini_moat, uniq_blork_the_orc

Skill      XL: |  1  2  3  4  5  6 |
---------------+-------------------+-----
Unarmed Combat | 1 2 3 |  3.4
Necromancy     | 5 |  5.9
Translocations | 1 2 |  2.1
Dodging        | |  1.7
Stealth        | |  1.7
Spellcasting   | |  2.1
Invocations    | |  0.6

Action                   |  1- 3 |  4- 6 || total
-------------------------+-------+-------++-------
Melee: Unarmed           |   112 |       ||   112
       Tailslap          |     8 |     7 ||    15
       Dagger            |     5 |    44 ||    49
       Short sword       |       |    69 ||    69
       Punch             |       |     1 ||     1
 Cast: Pain              |    59 |    26 ||    85
       Gell's Gravitas   |       |     5 ||     5
  Use: Potion            |       |     2 ||     2
 Stab: Sleeping          |     2 |     1 ||     3
Armor: Skin              |    32 |    29 ||    61
Dodge: Dodged            |    77 |    65 ||   142
Block: Other             |    17 |    23 ||    40
